 Dungeon Crawl Stone Soup version 0.27-a0-1281-ge233d83751 (webtiles) character file.

Game seed: 6110742468374681854

423 Delamore the Poker (level 7, 0/56 HPs)
             Began as a Formicid Fighter on June 14, 2021.
             Slain by a hornet zombie (7 damage)
             ... on level 5 of the Dungeon.
             The game lasted 00:04:00 (5016 turns).

Delamore the Poker (Formicid Fighter)               Turns: 5016, Time: 00:04:01

Health: 0/56       AC:  9    Str: 23    XL:     7   Next: 17%
Magic:  7/7        EV:  8    Int:  7    God:
Gold:   216        SH: 10    Dex: 10    Spells: 6/6 levels left

rFire    . . .     SeeInvis +   k - +2 whip (venom)
rCold    . . .     Faith    .   c - +0 kite shield
rNeg     . . .     Spirit   .   b - +0 scale mail
rPois    .         Reflect  .   (helmet unavailable)
rElec    .         Harm     .   q - +0 cloak
rCorr    .         Rampage  .   (no gloves)
Will     .....                  s - +0 pair of boots
Stlth    ..........             n - amulet of the acrobat
HPRegen  0.18/turn              (no ring)
MPRegen  0.10/turn              (no ring)

@: no status effects
A: permanent stasis, dig shafts and tunnels, antennae 3, four strong arms
a: Dig, Shaft Self


You were on level 5 of the Dungeon.
You visited 1 branch of the dungeon, and saw 5 of its levels.

You collected 216 gold pieces.

Inventory:

Hand Weapons
 a - a +0 trident
 k - a +2 whip of venom (weapon)
Missiles
 g - 12 poisoned darts
 u - 7 javelins
Armour
 b - a +0 scale mail (worn)
 c - a +0 kite shield (worn)
 q - a +0 cloak (worn)
 s - a +0 pair of boots (worn)
Jewellery
 h - a ring of magical power
 n - an amulet of the acrobat (around neck)
Potions
 d - a potion of might
 e - 2 potions of ambrosia
 f - 5 potions of curing
 i - a potion of heal wounds
 j - a potion of flight
 m - a potion of haste
 o - a potion of magic {unknown}
 r - a potion of mutation


   Skills:
 - Level 5.0 Fighting
 * Level 5.8 Polearms
 - Level 3.2 Armour
 + Level 4.5 Shields


You had 6 spell levels left.
You didn't know any spells.
Your spell library was empty.

Dungeon Overview and Level Annotations

Branches:
Dungeon (5/15)
 Temple: D:4-7

Altars:
Kikubaaqudgha
Trog
Wu Jian
Xom
The Shining One

Shops:
D:1 :   D:4 [


Innate Abilities, Weirdness & Mutations

You cannot be hasted, slowed, berserked, paralysed or teleported.
You can dig through walls and to a lower floor.
You have a pair of large antennae on your head. (SInv)
Your four strong arms can wield two-handed weapons with a shield.


Message History

The quokka is moderately wounded.
You block the hornet zombie's attack. The quokka closely misses you.
You block the hornet zombie's attack.
You closely miss the quokka.
The quokka is heavily wounded.
You kill the quokka!
The hornet zombie barely misses you.
You hit the hornet zombie.
The hornet zombie is severely damaged.
The hornet zombie hits you. You block the hornet zombie's attack.
You barely miss the hornet zombie.
The hornet zombie is severely damaged.
The hornet zombie completely misses you.
You block the hornet zombie's attack.
You barely miss the hornet zombie.
The hornet zombie is severely damaged.
You block the hornet zombie's attack.
You hit the hornet zombie but do no damage.
The hornet zombie is severely damaged.
The hornet zombie hits you! The hornet zombie hits you.
* * * LOW HITPOINT WARNING * * *
You hit the hornet zombie.
The hornet zombie is severely damaged.
The hornet zombie hits you.
* * * LOW HITPOINT WARNING * * *
You hit the hornet zombie but do no damage.
The hornet zombie is severely damaged.
The hornet zombie barely misses you. You block the hornet zombie's attack.
You hit the hornet zombie.
The hornet zombie is almost destroyed.
The hornet zombie hits you but does no damage.
You block the hornet zombie's attack.
You barely miss the hornet zombie.
The hornet zombie is almost destroyed.
The hornet zombie hits you.
* * * LOW HITPOINT WARNING * * *
You closely miss the hornet zombie.
The hornet zombie is almost destroyed.
You block the hornet zombie's attack. The hornet zombie hits you!
You die...

###.##### .#
.......# ..
...##.#
#.#..##.#
...##.#
#.##.####
#.......#
...#####.##.##.#
#.....Z@.#...#.#
#..)...#.#...#.#
.......#.#...#.#
##.....#.##.##.#
#..[..#.......#
###.####.#.#.##
.......#.#.# .#.
##..#.#.#
#.#...#


You could see a hornet zombie.

Vanquished Creatures
  A centaur (D:4)
  A scorpion (D:4)
  Crazy Yiuf (D:3)
  An orc wizard (D:3)
  6 adders
  3 gnolls (D:3)
  An adder skeleton (D:4)
  4 worms
  2 dart slugs
  11 orcs
  10 endoplasms
  2 giant cockroaches
  15 goblins
  7 hobgoblins
  5 jackals
  9 kobolds
  9 quokkas
  7 ball pythons
  9 bats
  2 frilled lizards
  6 rats
112 creatures vanquished.

Notes
Turn   | Place    | Note
-------+----------+-------------------------------------------
     0 | D:1      | Delamore the Formicid Fighter began the quest for the Orb.
     0 | D:1      | Reached XP level 1. HP: 18/18 MP: 1/1
   101 | D:1      | Reached XP level 2. HP: 23/24 MP: 2/2
   149 | D:1      | Found Zonaw's Book Boutique.
   456 | D:1      | Reached XP level 3. HP: 24/30 MP: 3/3
  1429 | D:2      | Reached XP level 4. HP: 32/37 MP: 4/4
  2272 | D:3      | Found a glowing golden altar of the Shining One.
  2294 | D:3      | Reached XP level 5. HP: 17/42 MP: 5/5
  2667 | D:3      | Found a bloodstained altar of Trog.
  3123 | D:3      | Reached XP level 6. HP: 48/49 MP: 6/6
  3169 | D:3      | Found a runed translucent door.
  3170 | D:3      | Noticed Crazy Yiuf
  3177 | D:3      | Killed Crazy Yiuf
  3451 | D:4      | Reached skill level 5 in Polearms
  3488 | D:4      | Found Likkuerept's Antique Armour Boutique.
  3707 | D:4      | Found a shimmering altar of Xom.
  4101 | D:4      | Found an ancient bone altar of Kikubaaqudgha.
  4155 | D:4      | Found an ornate altar of the Wu Jian Council.
  4169 | D:4      | Reached skill level 5 in Fighting
  4428 | D:4      | Reached XP level 7. HP: 29/56 MP: 7/7
  4948 | D:5      | Entered Level 5 of the Dungeon
  5016 | D:5      | Slain by a hornet zombie

Illustrated notes

Levels and vault maps discovered:
D:1:      wander_arrival_desolate, layout_loops_corners, serial_shops,
          shop_statue
D:2:      layout_loops_ring, chequers_serial_rivers_large_a,
          kennysheep_cross_room
D:3:      layout_basic, trog_three_pillars_becter, old_standard_altar,
          hangedman_decor_opposing, uniq_crazy_yiuf_cottage
D:4:      layout_basic, old_standard_altar, nicolae_kikubaaqudgha_miasma_corner,
          overflow_temple_1_default, serial_shops, shop,
          hangedman_minor_gate_pass
D:5:      layout_loops_cross

Skill      XL: |  1  2  3  4  5  6 |
---------------+-------------------+-----
Polearms       | 3 4 5 |  5.8
Fighting       | 4 5 |  5.0
Shields        | 4 |  4.5
Armour         | |  3.2

Action                   |  1- 3 |  4- 6 |  7- 9 || total
-------------------------+-------+-------+-------++-------
Melee: Trident           |   127 |       |       ||   127
       Whip              |    12 |   233 |    45 ||   290
 Abil: Dig               |       |     2 |       ||     2
  Use: Scroll            |     2 |     3 |     4 ||     9
       Potion            |       |     1 |       ||     1
Armor: Scale mail        |    67 |    90 |    24 ||   181
Dodge: Dodged            |    39 |    75 |    28 ||   142
Block: Kite shield       |    68 |   118 |    46 ||   232

Table legend: (Time is in decaauts)
 A = Elapsed time spent in this place.
 B = Non-inter-level travel time spent in this place.
 C = Inter-level travel time spent in this place.
 D = Time resting spent in this place.
 E = Time spent auto-exploring this place.
 F = Levels seen in this place.
 G = Mean time per level.
                   A        B        C        D        E       F      G
               +--------+--------+--------+--------+--------+-----+--------+
         Total |   5149 |   4947 |    202 |    278 |   3808 |   5 | 1029.8 |
       Dungeon |   5149 |   4947 |    202 |    278 |   3808 |   5 | 1029.8 |
               +--------+--------+--------+--------+--------+-----+--------+

Top non-repeatable levels by time:
     D:4: 1538 daAuts
     D:2: 1240 daAuts
     D:3: 1216 daAuts
     D:1: 1076 daAuts
     D:5: 78 daAuts
